 Dungeon Crawl Stone Soup version 0.26-a0-1205-g4083c211ab (webtiles) character file.

Game seed: 2453860731023281279

18 jestyr24 the Chiller (level 2, 0/24 HPs)
             Began as a Naga Ice Elementalist on Dec 29, 2020.
             Slain by a hobgoblin (1 damage)
             ... on level 1 of the Dungeon.
             The game lasted 00:03:31 (411 turns).

jestyr24 the Chiller (Naga Ice Elementalist)         Turns: 411, Time: 00:03:32

Health: 0/24       AC:  1    Str: 10    XL:     2   Next: 66%
Magic:  3/5        EV: 10    Int: 15    God:
Gold:   19         SH:  0    Dex: 11    Spells: 4/5 levels left

rFire    . . .     SeeInvis +   e - -1 hand axe (curse)
rCold    . . .     Faith    .   (no shield)
rNeg     . . .     Spirit   .   a - +0 robe
rPois    +         Reflect  .   (no helmet)
rElec    .         Harm     .   (no cloak)
rCorr    .         Rampage  .   (no gloves)
Will     .....                  (no barding)
Stlth    ++........             (no amulet)
HPRegen  0.08/turn              (no ring)
MPRegen  0.09/turn              (no ring)

@: very slow
A: large, see invisible, deformed body, poison resistance, slowness 2, spit
poison 1, AC +0
a: Spit Poison


You were on level 1 of the Dungeon.
You visited 1 branch of the dungeon, and saw 1 of its levels.

You collected 19 gold pieces.

Inventory:

Hand Weapons
 c - a +0 spear
 e - a cursed -1 hand axe (weapon)
Missiles
 b - 21 stones (quivered)
Armour
 a - a +0 robe (worn)
Scrolls
 d - a scroll of teleportation {unknown}


   Skills:
 + Level 0.3 Fighting
 + Level 0.1 Axes
 + Level 1.7 Dodging
 * Level 3.1 Stealth
 + Level 2.1 Spellcasting
 + Level 4.4 Ice Magic


You had 4 spell levels left.
You knew the following spells:

 Your Spells              Type           Power        Failure   Level
a - Freeze                Ice            56%          3%          1

Your spell library contained the following spells:

 Spells                   Type           Power        Failure   Level
 Frozen Ramparts          Ice            28%          11%         3
 Ozocubu's Armour         Ice            14%          11%         3
 Hailstorm                Conj/Ice       8%           65%         4
 Summon Ice Beast         Ice/Summ       8%           65%         4


Dungeon Overview and Level Annotations

Branches:
Dungeon (1/15)

Altars:


Innate Abilities, Weirdness & Mutations

You cannot wear boots.
Your serpentine skin is tough. (AC +0)
You have supernaturally acute eyesight. (SInv)
Armour fits poorly on your strangely shaped body.
Your system is resistant to poisons. (rPois)
You cover ground very slowly.
You can spit poison.


Message History

A nearby plant withers and dies.
The kobold hits you.
You closely miss the kobold.
The kobold is moderately wounded.
The kobold barely misses you.
The leopard gecko hisses menacingly.
You hit the kobold.
The kobold is severely wounded.
The kobold hits you. The kobold barely misses you.
You hit the kobold.
You kill the kobold!
You barely miss the rat. The rat bites you.
* * * LOW HITPOINT WARNING * * *
The rat twitches its whiskers.
The rat bites you but does no damage.
You hit the rat.
You kill the rat!
You barely miss the hobgoblin. The hobgoblin hits you.
* * * LOW HITPOINT WARNING * * *
The hobgoblin hits you.
You die...

≈≈≈≈≈≈≈≈.≈≈♣♣
♣≈P≈≈≈≈≈.≈≈P♣♣♣♣
♣≈≈≈P≈≈.†≈≈≈P≈P
#≈≈≈≈≈≈†≈≈≈≈P≈≈
..♣≈≈≈≈.≈≈≈≈≈≈≈
#.#PP≈(........
##≈♣..♣P≈≈≈≈≈
##...#♣♣≈≈≈≈
#@### ♣♣♣≈ #g#


.lw ..... .♣≈≈≈♣# .P≈.≈≈≈ .. ≈≈..≈ ## ≈.≈≈≈.. You could see a dart slug, a
leopard gecko and a hobgoblin.

Vanquished Creatures
  An ooze (D:1)
  2 bats (D:1)
  2 goblins (D:1)
  3 kobolds (D:1)
  A ball python (D:1)
  5 rats (D:1)
14 creatures vanquished.

Vanquished Creatures (others)
  6 plants (D:1)
6 creatures vanquished.

Grand Total: 20 creatures vanquished

Notes
Turn   | Place    | Note
-------+----------+-------------------------------------------
     0 | D:1      | jestyr24 the Naga Ice Elementalist began the quest for the
                  | Orb.
     0 | D:1      | Reached XP level 1. HP: 15/15 MP: 3/3
   280 | D:1      | Reached XP level 2. HP: 22/22 MP: 5/5
   411 | D:1      | HP: 1/24 [hobgoblin (5)]
   411 | D:1      | Slain by a hobgoblin

Illustrated notes

Levels and vault maps discovered:
D:1:      minmay_arrival_hallway, layout_loops_corners, serial_bayou,
          serial_bayou_lagoon_b, serial_bayou_pond_c, serial_bayou_pond_b,
          serial_bayou_pond_d

Action                   || total
-------------------------++-------
Melee: Spear             ||    18
       Hand axe          ||    19
Throw: Stone             ||     4
 Cast: Freeze            ||    10
Armor: Robe              ||     6
Dodge: Dodged            ||    20

Table legend: (Time is in decaauts)
 A = Elapsed time spent in this place.
 B = Non-inter-level travel time spent in this place.
 C = Inter-level travel time spent in this place.
 D = Time resting spent in this place.
 E = Time spent auto-exploring this place.
 F = Levels seen in this place.
 G = Mean time per level.
                   A        B        C        D        E       F      G
               +--------+--------+--------+--------+--------+-----+--------+
         Total |    486 |    486 |      0 |    188 |     87 |   1 |  486.0 |
       Dungeon |    486 |    486 |      0 |    188 |     87 |   1 |  486.0 |
               +--------+--------+--------+--------+--------+-----+--------+

Top non-repeatable levels by time:
     D:1: 486 daAuts
